 Dungeon Crawl Stone Soup version 0.18.1-8-gdd0e5ea (webtiles) character file.

341 billiezin the Chopper (level 6, -1/56 HPs)
             Began as a Minotaur Berserker on May 24, 2016.
             Was a Priest of Trog.
             Succumbed to a worker ant's poison
             ... on level 5 of the Dungeon.
             The game lasted 00:17:19 (2889 turns).

billiezin the Chopper (Minotaur Berserker)          Turns: 2889, Time: 00:17:19

Health: -1/56      AC:  5    Str: 23    XL:     6   Next: 30%
Magic:  5/5        EV: 12    Int:  4    God:    Trog [***...]
Gold:   178        SH:  0    Dex: 10    Spells: 0 memorised, 5 levels left

rFire  . . .     SeeInvis .     a - +0 hand axe
rCold  . . .     Gourm    .     q - +0 ring mail
rNeg   . . .     Faith    .     (no shield)
rPois  .         Spirit   .     (helmet restricted)
rElec  .         Dismiss  .     (no cloak)
rCorr  .         Reflect  .     (no gloves)
SustAt .         Harm     .     (no boots)
MR     .....     Rnd*Tele +     (no amulet)
Stlth  ..........               (no ring)
                                v - ring of teleportation (curse)

@: lethally poisoned (-1 -> -26), exhausted, slowed, very slow, not resistant to
hostile enchantments, extremely unstealthy
A: retaliatory headbutt, horns 2
a: Berserk, Trog's Hand, Burn Spellbooks, Renounce Religion


You were on level 5 of the Dungeon.
You worshipped Trog.
Trog was most pleased with you.
You were not hungry.

You visited 1 branch of the dungeon, and saw 4 of its levels.

You collected 178 gold pieces.

Inventory:

Hand Weapons
 a - a +0 hand axe (weapon)
Armour
 b - a +0 animal skin
 f - a +0 centaur barding
 q - a +0 ring mail (worn)
Jewellery
 v - a cursed ring of teleportation (left hand)
Scrolls
 d - 2 scrolls of remove curse
 h - a scroll of identify {unknown}
 j - 2 scrolls of fog {unknown}
 k - a scroll of enchant weapon {unknown}
 l - a scroll of fear {unknown}
 n - a scroll of random uselessness {unknown}
 r - 2 scrolls of magic mapping {unknown}
 s - a scroll of recharging {unknown}
 w - a scroll of teleportation {unknown}
Potions
 e - a potion of might {unknown}
 g - 3 potions of heal wounds {unknown}
 i - a potion of haste {unknown}
 m - 2 potions of cure mutation {unknown}
 o - a potion of beneficial mutation {unknown}
 p - a potion of flight {unknown}
 t - a potion of brilliance {unknown}
 u - a potion of berserk rage {unknown}
Comestibles
 c - 2 bread rations
 x - 2 chunks of flesh


   Skills:
 + Level 5.3 Fighting
 + Level 5.8 Axes
 + Level 3.9 Armour
 + Level 4.0 Dodging


You had 5 spell levels left.
You didn't know any spells.

Dungeon Overview and Level Annotations

Branches:
Dungeon (3/15)

Altars:
Makhleb
Trog


Innate Abilities, Weirdness & Mutations

You reflexively headbutt those who attack you in melee.
You have a pair of horns on your head.


Message History

You feel sick. The worker ant bites you!
* * * LOW HITPOINT WARNING * * *
The worker ant bites you but does no damage.
You closely miss the worker ant.
The worker ant is lightly wounded.
You feel sick. The worker ant closely misses you. The worker ant misses you.
You furiously retaliate!
You headbutt the worker ant.
You hit the worker ant but do no damage.
The worker ant is moderately wounded.
You feel sick. The worker ant bites you.
* * * LOW HITPOINT WARNING * * *
You are lethally poisoned!
The worker ant poisons you! The worker ant bites you.
* * * LOW HITPOINT WARNING * * *
You are more poisoned.
The worker ant poisons you!
You're too exhausted to go berserk.
You hit the worker ant.
The worker ant is moderately wounded.
You die...

## #######.... .# .#
#.........# .# .###
#.........###.# ...#
#.........#...#####
...###..................
...........)...........#
...###.......$..)......#
##.# #..........@a....#
...# #.....!...#.#.....#
#### ###########.# ###.#
....../....#
###........#####.#
................>#
#......)...#####
#.....[)...#
#..........#


You could see a worker ant.

Vanquished Creatures
  An ogre (D:5)
  2 iguanas (D:5)
  An orc wizard (D:5)
  2 worker ants (D:5)
  Robin (D:2)
  4 adders
  A worm (D:2)
  2 dart slugs
  2 giant geckos (D:2)
  6 orcs
  3 bats
  4 giant cockroaches
  17 goblins
  7 hobgoblins
  4 jackals (D:1)
  5 quokkas
  4 giant newts
  3 kobolds
  9 rats
78 creatures vanquished.

Notes
Turn   | Place    | Note
--------------------------------------------------------------
     0 | D:1      | billiezin the Minotaur Berserker began the quest for the Orb.
     0 | D:1      | Reached XP level 1. HP: 19/19 MP: 0/0
   188 | D:1      | Reached XP level 2. HP: 24/27 MP: 1/1
   887 | D:2      | Reached XP level 3. HP: 30/34 MP: 2/2
   898 | D:2      | Noticed Robin
   914 | D:2      | Reached ** piety under Trog
   931 | D:2      | Killed Robin
   990 | D:2      | Reached XP level 4. HP: 41/41 MP: 3/3
  1290 | D:2      | Found a bloodstained altar of Trog.
  1733 | D:3      | Reached skill level 5 in Fighting
  1897 | D:3      | Reached *** piety under Trog
  2332 | D:3      | You fall through a shaft for 2 floors!
  2332 | D:5      | Entered Level 5 of the Dungeon
  2335 | D:5      | Noticed an ogre
  2336 | D:5      | Found a burning altar of Makhleb.
  2337 | D:5      | Reached skill level 5 in Axes
  2337 | D:5      | Reached XP level 5. HP: 47/48 MP: 4/4
  2365 | D:5      | Killed an ogre
  2760 | D:5      | Reached XP level 6. HP: 25/56 MP: 5/5
  2888 | D:5      | HP: 1/56 [worker ant (3)]
  2889 | D:5      | Succumbed to a worker ant's poison

Skill      XL: |  1  2  3  4  5  6 |
---------------+-------------------+-----
Fighting       | 4 5 |  5.3
Axes           | 4 5 |  5.8
Dodging        | 3 4 |  4.0
Armour         | 3 |  3.9

Action                   |  1- 3 |  4- 6 || total
-------------------------+-------+-------++-------
Melee: Hand axe          |    50 |    99 ||   149
       Headbutt          |     6 |    12 ||    18
Invok: Berserk           |     3 |     3 ||     6
  Use: Scroll            |       |     1 ||     1
  Eat: Bread ration      |     1 |     1 ||     2
       Chunk             |       |     4 ||     4
Armor: Ring mail         |    18 |    23 ||    41
       Animal skin       |     3 |       ||     3
Dodge: Dodged            |    46 |    68 ||   114
